 Dungeon Crawl Stone Soup version 0.27.1 (webtiles) character file.

Game seed: 7886502554456003049

387286 jlumianski the Hoplite (level 22, -8/206 HPs)
             Began as a Deep Dwarf Fighter on Aug 27, 2021.
             Was the Champion of Makhleb.
             Mangled by a death yak (27 damage)
             ... summoned by a spriggan berserker
             ... on level 15 of the Dungeon.
             The game lasted 07:29:53 (52377 turns).

jlumianski the Hoplite (Deep Dwarf Fighter)        Turns: 52377, Time: 07:29:53

Health: -8/206     AC: 37    Str: 40    XL:     22   Next: 2%
Magic:  12/12      EV: 23    Int: 20    God:    Makhleb [******]
Gold:   2019       SH: 18    Dex: 23    Spells: 27/27 levels left

rFire    + . .     SeeInvis +   B - +6 spear (vamp)
rCold    + . .     Faith    .   d - -6 kite shield of Wescho {rPois rF- Dex+4}
rNeg     + . .     Spirit   .   H - +10 scale mail of Nel Xeik {Regen+ Str+7 Stlth+}
rPois    +         Reflect  +   q - +2 helmet
rElec    .         Harm     .   T - +2 cloak
rCorr    .         Rampage  .   L - +1 pair of gloves "Duparimu" {rC+ Int+5 SInv}
Will     ++...                  R - +2 pair of boots of Iseklior {+Inv SInv Stlth-}
Stlth    ++++......             A - amulet of reflection
HPRegen  0.00/turn              j - +4 ring of protection
MPRegen  0.13/turn              F - ring of the Visionary {rPois rF++ Will- Str+6 Dex+2}

@: studying 2 skills
A: damage resistance, heal wounds, negative energy resistance 1, sense
surroundings 3, no regeneration, thin skeletal structure 1, clever 1, strong 2
}: 2/15 runes: decaying, serpentine
a: Heal Wounds, Renounce Religion, Evoke Invisibility, Minor Destruction, Lesser
Servant of Makhleb, Major Destruction, Greater Servant of Makhleb


You were on level 15 of the Dungeon.
You worshipped Makhleb.
Makhleb was exalted by your worship.
You visited 9 branches of the dungeon, and saw 41 of its levels.
You visited the Abyss 1 time.
You visited 2 bazaars.
You also visited: Ossuary.

You collected 5399 gold pieces.
You spent 3380 gold pieces at shops.

Inventory:

Hand Weapons
 h - a +7 dagger
 o - a +5 broad axe of draining
 s - a +2 quick blade of electrocution
 x - the +13 lance "Wyrmbane" {slay drac, rPois rF+ rC+ AC+3}
   (You acquired it on level 3 of the Vaults)

   It inflicts extra damage against dragons and draconians.
   AC:        It affects your AC (+3).
   rF:        It protects you from fire.
   rC:        It protects you from cold.
   rPois:     It protects you from poison.
 B - a +6 vampiric spear (weapon)
 I - a +3 hand crossbow of freezing
Missiles
 m - 83 poisoned darts (quivered)
 t - 1377 bolts
 z - 5 throwing nets
Armour
 d - the -6 kite shield of Wescho (worn) {rPois rF- Dex+4}
   (You acquired it on level 10 of the Dungeon)

   Dex:       It affects your dexterity (+4).
   rF:        It makes you vulnerable to fire.
   rPois:     It protects you from poison.
 q - a +2 helmet (worn)
 H - the +10 scale mail of Nel Xeik (worn) {Regen+ Str+7 Stlth+}
   (You bought it in a shop on level 12 of the Dungeon)

   Str:       It affects your strength (+7).
   Regen:     It increases your rate of health regeneration.
   Stlth:     It makes you more stealthy.
 L - the +1 pair of gloves "Duparimu" (worn) {rC+ Int+5 SInv}
   (You acquired it on level 3 of the Snake Pit)

   Int:       It affects your intelligence (+5).
   rC:        It protects you from cold.
   SInv:      It lets you see invisible.
 R - the +2 pair of boots of Iseklior (worn) {+Inv SInv Stlth-}
   (You found it on level 9 of the Dungeon)

   SInv:      It lets you see invisible.
   +Inv:      It lets you turn invisible.
   Stlth:     It makes you less stealthy.
 T - a +2 cloak (worn)
Jewellery
 g - a ring of resist corrosion
 j - a +4 ring of protection (left hand)
 w - a +6 ring of intelligence
 A - an amulet of reflection (around neck)
 E - a ring of flight
 F - the ring of the Visionary (right hand) {rPois rF++ Will- Str+6 Dex+2}
   (You bought it in a shop on level 8 of the Dungeon)

   [ring of strength]

   Str:       It affects your strength (+6).
   Dex:       It affects your dexterity (+2).
   rF:        It greatly protects you from fire.
   rPois:     It protects you from poison.
   Will:      It decreases your willpower.
Wands
 i - a wand of iceblast (15)
 k - a wand of flame (10)
 M - a wand of mindburst (23)
 Q - a wand of digging (3)
 S - a wand of acid (22)
Scrolls
 c - a scroll of summoning
 f - 8 scrolls of teleportation
 r - 6 scrolls of fear
 u - 37 scrolls of identify
 v - 3 scrolls of silence
 J - 9 scrolls of fog
 O - 6 scrolls of blinking
 P - 6 scrolls of magic mapping
Potions
 b - 3 potions of berserk rage
 e - a potion of resistance
 l - 2 potions of cancellation
 n - a potion of might
 p - 15 potions of curing
 D - 7 potions of heal wounds
 G - 2 potions of flight
 K - 7 potions of haste
 N - a potion of ambrosia
Miscellaneous
 a - a phantom mirror
 y - a box of beasts
 C - a tin of tremorstones (2/2)
 V - a condenser vane


   Skills:
 + Level 14.3 Fighting
 + Level 8.9(16.2) Axes
 * Level 18.1(18.9) Polearms
 + Level 6.4(13.5) Staves
 + Level 0.3(2.3) Slings
 + Level 2.7 Crossbows
 + Level 3.1 Throwing
 + Level 13.5 Armour
 + Level 14.9 Dodging
 * Level 7.3 Stealth
 + Level 21.2 Shields
 + Level 3.2 Spellcasting
 + Level 6.2 Invocations
 * Level 13.2 Evocations


You had 27 spell levels left.
You didn't know any spells.
Your spell library contained the following spells:

 Spells                   Type           Power      Damage    Failure   Level
 Beastly Appendage        Tmut           6%         N/A       22%         1
 Corona                   Hex            3%         N/A       22%         1
 Freeze                   Ice            12%        1d4       22%         1
 Magic Dart               Conj           12%        1d3       22%         1
 Pain                     Necr           12%        1d4       22%         1
 Sandblast                Erth           6%         2d5       22%         1
 Summon Small Mammal      Summ           12%        N/A       22%         1
 Blink                    Tloc           N/A        N/A       32%         2
 Call Imp                 Summ           3%         N/A       32%         2
 Corpse Rot               Necr/Air       N/A        N/A       32%         2
 Ensorcelled Hibernation  Hex/Ice        6%         N/A       32%         2
 Passwall                 Tmut/Erth      2%         N/A       32%         2
 Poisonous Vapours        Pois/Air       6%         N/A       32%         2
 Searing Ray              Conj           6%         3d3       32%         2
 Slow                     Hex            3%         N/A       32%         2
 Static Discharge         Conj/Air       3%         N/A       32%         2
 Wereblood                Tmut           3%         N/A       32%         2
 Call Canine Familiar     Summ           3%         N/A       54%         3
 Confusing Touch          Hex            3%         N/A       54%         3
 Dazzling Flash           Conj/Hex       6%         N/A       54%         3
 Frozen Ramparts          Ice            6%         1d2       54%         3
 Inner Flame              Hex/Fire       3%         N/A       54%         3
 Lesser Beckoning         Tloc           1%         N/A       54%         3
 Mephitic Cloud           Conj/Pois/Air  3%         N/A       54%         3
 Ozocubu's Armour         Ice            3%         N/A       54%         3
 Portal Projectile        Hex/Tloc       6%         N/A       54%         3
 Spider Form              Tmut/Pois      1%         N/A       54%         3
 Summon Guardian Golem    Hex/Summ       3%         N/A       54%         3
 Tukima's Dance           Hex            3%         N/A       54%         3
 Vampiric Draining        Necr           1%         2d6       54%         3
 Cause Fear               Hex            1%         N/A       91%         4
 Dispel Undead            Necr           3%         3d7       91%         4
 Fulminant Prism          Conj/Hex       1%         3d6       91%         4
 Hailstorm                Conj/Ice       3%         3d3       91%         4
 Iskenderun's Mystic Bla  Conj/Tloc      3%         2d3       91%         4
 Leda's Liquefaction      Hex/Erth       1%         N/A       91%         4
 Petrify                  Tmut/Erth      3%         N/A       91%         4
 Sticky Flame             Conj/Fire      3%         2d3       91%         4
 Agony                    Necr           3%         N/A       99%         5
 Alistair's Intoxication  Tmut/Pois      2%         N/A       99%         5
 Blade Hands              Tmut           1%         N/A       99%         5
 Bolt of Magma            Conj/Fire/Erth 1%         4d4       99%         5
 Borgnjor's Vile Clutch   Necr/Erth      1%         N/A       99%         5
 Excruciating Wounds      Necr           1%         N/A       99%         5
 Fireball                 Conj/Fire      1%         3d3       99%         5
 Freezing Cloud           Conj/Ice/Air   1%         6-21      99%         5
 Irradiate                Conj/Tmut      1%         3d14      99%         5
 Iskenderun's Battlesphe  Conj           3%         2d6       99%         5
 Lee's Rapid Deconstruct  Erth           1%         3d5*      99%         5
 Manifold Assault         Tloc           3%         N/A       99%         5
 Metabolic Englaciation   Hex/Ice        1%         N/A       99%         5
 Conjure Ball Lightning   Conj/Air       1%         3x3d6     100%        6
 Eringya's Noxious Bog    Tmut/Pois      1%         N/A       100%        6
 Iron Shot                Conj/Erth      1%         9d1       100%        6
 Simulacrum               Ice/Necr       1%         N/A       100%        6
 Starburst                Conj/Fire      1%         6d3       100%        6
 Statue Form              Tmut/Erth      2%         N/A       100%        6
 Dragon Form              Tmut           1%         N/A       100%        7
 Orb of Destruction       Conj           1%         N/A       100%        7
 Ozocubu's Refrigeration  Ice            1%         4d5       100%        7
 Spellforged Servitor     Conj/Summ      1%         N/A       100%        7
 Discord                  Hex            1%         N/A       100%        8
 Ignition                 Fire           1%         3d3       100%        8


Dungeon Overview and Level Annotations

Branches:
Dungeon (15/15)            Temple (1/1) D:5            Lair (6/6) D:10
  Swamp (4/4) Lair:4        Snake (4/4) Lair:2        Slime (0/5) Lair:6
    Orc (2/2) D:11            Elf (3/3) Orc:2        Vaults (5/5) D:14
  Crypt (0/3) Vaults:3     Depths (1/5) D:15        Ossuary (visited)

Altars:
Ashenzari
Cheibriados
Dithmenos
Elyvilon
Fedhas
Gozag
Hepliaklqana
Kikubaaqudgha
Makhleb
Nemelex Xobeh
Okawaru
Qazlal
Ru
Sif Muna
Trog
Uskayaw
Vehumet
Wu Jian
Xom
Yredelemnul
Zin
The Shining One
Beogh
Jiyva

Shops:
D:2 (   D:4 [   D:6 :   D:8 *=?*   D:12 ****   Orc:1 !:[   Orc:2 (*=(:??![
Elf:3 *   Swamp:2 *   Snake:3 =*:([   Vaults:1 =

Portals:
Abyss: D:12
Trove: Elf:2 (give ring of the Tortoise)

Annotations:
D:12 2 transporters, Yklotitu's ghost, journeyman CeHu
D:13 2 transporters, OceanMan's ghost, journeyman MiFi


Innate Abilities, Weirdness & Mutations

You are resistant to damage.
You can heal yourself by infusing magical energy.
You resist negative energy. (rN+)
You passively map a large area around you.
You do not regenerate.
You have a somewhat thin skeletal structure. (Dex +2, Stealth+)
Your mind is acute. (Int +2)
Your muscles are very strong. (Str +4)


Message History

There is a stone staircase leading up, spattered with blood here.
There is a stone staircase leading down here.
You climb downwards.
There is a stone staircase leading up here.
You see here 3 large rocks.
There is a staircase to the Depths here.
You climb downwards.
Welcome to the Depths!
The spriggan air mage shouts!
The spriggan rider shouts!
The cyan ugly thing gurgles horribly!
The spriggan rider shouts!
The cyan ugly thing gurgles horribly! x2; You hear a shout!
Found a scroll of identify and 24 gold pieces.
Found a stone staircase leading down.
There is a staircase back to the Dungeon here.
There are monsters nearby!
Press: ? - help, v - describe, . - travel
Here: a spriggan berserker, wielding a +1 hand axe of freezing and wearing a +0 animal skin The floor.
The cyan ugly thing basks in the mutagenic energy from its kin and changes!
The spriggan rider completely misses you.
The spriggan berserker hits you but does no damage.
The spriggan air mage points at you and mumbles some strange words.
The bolt of lightning hits you!!!
* * * LOW HITPOINT WARNING * * *
You climb upwards.
Welcome back to the Dungeon!
There is a staircase to the Depths here.
You miss the spriggan berserker. You hit the spriggan berserker.
The spriggan berserker is lightly wounded.
The spriggan berserker utters an invocation to Trog.
The death yak goes berserk!
You hit the spriggan berserker.
The spriggan berserker is lightly wounded.
You hit the spriggan berserker.
You feel better.
The spriggan berserker is moderately wounded.
The death yak completely misses you.
You block the spriggan berserker's attack.
You completely miss the spriggan berserker.
The spriggan berserker is moderately wounded.
The death yak gores you!!
You die...

.#.# #.# #.....# #.# .#.#
#.######.###.# #.#
.#.######.##.....§...## #.#
.#............≈§≈.≈...## #.#
#######.....≈≈≈§#≈≈≈≈..# #.#
..###.......≈#≈≈§§§#≈..#######.#
∩..'..#....≈≈≈§.≈[≈§≈≈.........#
..##........≈≈≈..).≈≈..#.......#
#####.#....§.≈(.@.≈≈#≈....###.##
..# #.#....§≈§≈i.Y.§≈..##.# #.#
..###.#....§§§≈§§§≈≈§≈.##.###.###
............≈#≈§≈≈≈#≈(.##........
###.#....#..≈≈≈§#§≈≈≈..######.##.
#.......##...≈.≈.≈...#######.##.
#.#......................^...##.
#......####..#..###############.
#####...........## #.


You could see a death yak (summoned, berserk) and a spriggan berserker.

Vanquished Creatures
  Frederick (Vaults:1)
  Bai Suzhen (Vaults:3)
  Vashnia (Snake:4)
  the Lernaean hydra (Swamp:3)
  Saint Roka (Vaults:2)
  Nikola (Swamp:1)
  The ghost of Couriq the Peltast, an adept MiFi of Okawaru (Snake:1)
  A deep elf blademaster (Elf:2)
  A quicksilver dragon (Vaults:2)
  Asterion (Elf:2)
  3 sphinxes
  3 storm dragons
  4 thorn hunters
  Gastronok (Lair:1)
  4 nagarajas (Snake:4)
  Roxanne (Snake:3)
  12 vault wardens
  An orc warlord (Vaults:3)
  2 deep elf elementalists (Elf:3)
  3 ghouls (Swamp:1)
  13 very ugly things
  A stone giant (D:15)
  12 ironbound preservers
  A war gargoyle (Vaults:4)
  3 deep elf annihilators
  6 deep elf demonologists
  6 dire elephants
  Azrael (Snake:1)
  5 bunyips
  2 ettins
  Snorg (Lair:3)
  An eleionoma (Swamp:1)
  A crystal guardian (Vaults:3)
  2 fire dragons
  A deep elf death mage (Elf:3)
  An eidolon (Vaults:3)
  A shambling mangrove (Swamp:2)
  3 deep elf high priests
  An ice dragon (Elf:1)
  12 yaktaur captains
  9 naga warriors
  4 great orbs of eyes
  31 hydras
  8 ironbound thunderhulks
  Fannar (Lair:3)
  Harold (D:7)
  6 vault guards
  6 boulder beetles
  A spriggan air mage (Swamp:3)
  3 ghost crabs
  2 ogre magi
  11 ironbound frosthearts
  2 peacekeepers
  9 centaur warriors
  2 catoblepae (Lair:6)
  32 dancing weapons
  2 death knights
  13 death yaks
  5 two-headed ogres
  13 alligators
  A deep troll earth mage (Vaults:1)
  A vampire mage (Vaults:3)
  5 naga sharpshooters
  9 anacondas
  3 spriggan berserkers (Swamp:3)
  9 orc high priests
  3 ironbound beastmasters
  A hell knight (D:14)
  Sonja (Lair:1)
  A shock serpent (shapeshifter) (Vaults:3)
  A soul eater (Vaults:3)
  20 deep elf knights
  7 shock serpents
  2 goliath frogs
  8 salamander mystics
  2 skeletal warriors
  A bog body (Swamp:2)
  4 spriggan druids
  A death drake (Swamp:3)
  39 deep trolls
  11 swamp dragons
  12 deep elf archers
  10 ironbound convokers
  6 naga ritualists
  A glowing orange brain (Vaults:4)
  15 orc knights
  2 lindwurms (Lair:6)
  9 wizards
  An orange crystal statue (Lair:3)
  A harpy (shapeshifter) (Elf:1)
  29 deep elf zephyrmancers
  5 harpies
  5 manticores
  16 mana vipers
  10 orc sorcerers
  A faun (shapeshifter) (Elf:2)
  14 deep elf pyromancers
  24 ugly things
  A wolf spider (Lair:6)
  4 will-o-the-wisps
  4 cyclopes
  Maurice (Orc:1)
  4 guardian serpents
  7 elephants
  A moth of wrath (Swamp:3)
  15 salamanders
  33 black mambas
  18 vault sentinels
  9 naga magi
  10 cane toads
  8 torpor snails
  2 unseen horrors
  4 efreet
  Maggie (Lair:1)
  6 rime drakes
  8 komodo dragons
  3 freezing wraiths
  32 yaktaurs
  A merfolk (shapeshifter) (Elf:1)
  A jumping spider (shapeshifter) (Elf:2)
  8 trolls
  22 hornets
  4 polar bears
  Prince Ribbit (D:9)
  13 tyrant leeches
  32 slime creatures
  26 blink frogs
  5 dream sheep
  2 air elementals
  19 spriggans
  5 wraiths
  3 wyverns
  A yak (shapeshifter) (D:13)
  A human (shapeshifter) (Elf:2)
  2 water elementals
  A vampire (D:13)
  4 fire elementals
  49 yaks
  5 basilisks
  17 vampire mosquitoes
  5 steam dragons
  3 wargs
  28 nagas
  2 acid dragons
  17 swamp worms
  3 hell hounds (Snake:1)
  18 water moccasins
  43 orc warriors
  9 swamp drakes
  7 black bears
  2 sky beasts (D:7)
  4 necrophages
  18 ogres
  27 wolves
  A wolf (shapeshifter) (D:15)
  9 centaurs
  4 phantoms
  2 kobold brigands
  13 bullfrogs
  A gnoll sergeant (D:8)
  3 scorpions
  A wyvern zombie (D:8)
  2 wyvern skeletons
  2 water moccasin skeletons
  8 killer bees
  5 wights (D:7)
  3 howler monkeys
  3 electric eels
  10 centaur zombies
  2 hounds
  2 gnoll shamans (D:7)
  29 orc priests
  6 jellies
  3 centaur skeletons
  5 iguanas
  24 orc wizards
  A hound skeleton (D:5)
  6 mummies (Ossuary)
  A howler monkey zombie (D:7)
  Robin (D:3)
  19 gnolls
  8 adders
  3 white imps
  3 worms
  4 dart slugs
  69 orcs
  14 endoplasms
  5 giant cockroaches
  11 goblins
  15 hobgoblins
  11 jackals
  5 quokkas
  8 ball pythons
  8 bats
  3 frilled lizards
  4 hobgoblin zombies (Ossuary)
  24 kobolds
  A quokka skeleton (D:4)
  9 rats
  A briar patch (Swamp:4)
1521 creatures vanquished.

Vanquished Creatures (collateral kills)
  A salamander tyrant (Snake:2)
  A catoblepas (Lair:6)
  A naga mage (Snake:2)
  A tyrant leech (Lair:6)
  2 blink frogs
  A dream sheep (Lair:6)
7 creatures vanquished.

Vanquished Creatures (others)
  A deep elf demonologist (Elf:3)
  A hydra (Swamp:4)
  A naga warrior (Snake:4)
  2 deep elf knights
  A deep elf archer (Elf:2)
  2 deep elf zephyrmancers (Elf:2)
  A bloated husk (Swamp:1)
  A swamp worm (Swamp:4)
  A naga (Snake:4)
  An iguana (D:6)
  An orc (Elf:1)
  A quokka (D:8)
  2 briar patches
  65 foxfires
  27 fungi
  64 plants
172 creatures vanquished.

Grand Total: 1700 creatures vanquished

Notes
Turn   | Place    | Note
-------+----------+-------------------------------------------
     0 | D:1      | jlumianski the Deep Dwarf Fighter began the quest for the
                  | Orb.
     0 | D:1      | Reached XP level 1. HP: 20/20 MP: 1/1
   184 | D:1      | Reached XP level 2. HP: 17/27 MP: 2/2
   486 | D:1      | Reached XP level 3. HP: 17/34 MP: 3/3
   949 | D:2      | Reached XP level 4. HP: 39/42 MP: 4/4
  1319 | D:2      | Found a faded altar of an unknown god.
  1320 | D:2      | Found Muegh's Weapon Shop.
  1325 | D:2      | Reached skill level 4 in Shields
  1772 | D:3      | Found a shimmering blue altar of Sif Muna.
  1772 | D:3      | Noticed Robin
  1860 | D:3      | Killed Robin
  1861 | D:3      | Reached XP level 5. HP: 32/49 MP: 5/5
  2816 | D:4      | Reached XP level 6. HP: 37/56 MP: 6/6
  2836 | D:4      | Reached skill level 1 in Dodging
  3156 | D:4      | Found Qode's Antique Armour Emporium.
  3208 | D:4      | Reached skill level 5 in Axes
  3301 | D:4      | Reached skill level 1 in Stealth
  3701 | D:4      | Reached XP level 7. HP: 23/63 MP: 7/7
  3786 | D:5      | Entered Level 5 of the Dungeon
  3844 | D:5      | Reached skill level 5 in Shields
  3848 | D:5      | Found a broken altar of Ashenzari.
  4019 | D:5      | Found a staircase to the Ecumenical Temple.
  4029 | Temple   | Entered the Ecumenical Temple
  4159 | D:5      | Reached skill level 5 in Armour
  4399 | D:2      | Bought a +2 vampiric spear for 252 gold pieces
  4505 | D:5      | Found a shadowy altar of Dithmenos.
  4514 | D:5      | Found a bloodstained altar of Trog.
  4515 | D:5      | Found a basalt altar of Yredelemnul.
  4516 | D:5      | Found a burning altar of Makhleb.
  4730 | D:5      | Reached skill level 1 in Polearms
  4730 | D:5      | Reached XP level 8. HP: 37/72 MP: 8/8
  4989 | D:5      | Became a worshipper of Makhleb the Destroyer
  5172 | D:5      | Reached skill level 1 in Crossbows
  5444 | D:6      | Found a sacrificial altar of Ru.
  5607 | D:6      | HP: 3/72 [wyvern skeleton (2)]
  5833 | D:6      | Found a sand-covered staircase.
  5840 | Ossuary  | Entered an ossuary
  5869 | Ossuary  | Reached skill level 6 in Shields
  5886 | Ossuary  | Reached * piety under Makhleb
  5976 | Ossuary  | Gained mutation: Your muscles are strong. (Str +2) [potion
                  | of mutation]
  5976 | Ossuary  | Gained mutation: Your mind is acute. (Int +2) [potion of
                  | mutation]
  5976 | Ossuary  | Gained mutation: You have a somewhat thin skeletal
                  | structure. (Dex +2, Stealth+) [potion of mutation]
  5976 | Ossuary  | Gained mutation: Your muscles are very strong. (Str +4)
                  | [potion of mutation]
  5978 | Ossuary  | Reached skill level 5 in Fighting
  5978 | Ossuary  | Reached skill level 5 in Dodging
  5978 | Ossuary  | Reached skill level 7 in Shields
  5978 | Ossuary  | Gained mutation: You passively map the area around you.
                  | [Deep Dwarf growth]
  5978 | Ossuary  | Reached XP level 9. HP: 25/82 MP: 7/12
  6176 | D:6      | Found a sparkling altar of Nemelex Xobeh.
  6197 | D:6      | Reached XP level 10. HP: 41/91 MP: 13/13
  6294 | D:6      | Found Doetz's Book Emporium.
  6524 | D:6      | Reached skill level 5 in Polearms
  7034 | D:7      | Noticed Harold
  7057 | D:7      | HP: 2/91 [Harold/harpoon shot (10)]
  7072 | D:7      | HP: 3/91 [Harold (12)]
  7076 | D:7      | Killed Harold
  7585 | D:7      | Reached ** piety under Makhleb
  7820 | D:8      | Found Poal's Assorted Antiques.
  7849 | D:8      | Bought a vibrating pewter ring for 125 gold pieces
  7849 | D:8      | Identified the ring of the Visionary {rPois rF++ Will-
                  | Str+6 Dex+2} (You bought it in a shop on level 8 of the
                  | Dungeon)
  8010 | D:8      | Found a blossoming altar of Fedhas.
  8102 | D:8      | Found Jyub's Jewellery Shop.
  8345 | D:8      | Found Uplid's General Store.
  8463 | D:8      | Found a white marble altar of Elyvilon.
  8526 | D:8      | Found Afimov's Magic Scroll Shoppe.
  8535 | D:8      | Bought a scroll of enchant weapon for 90 gold pieces
  8826 | D:8      | Reached *** piety under Makhleb
  8960 | D:8      | Reached XP level 11. HP: 67/98 MP: 13/13
  9015 | D:8      | Reached skill level 8 in Shields
  9349 | D:9      | Reached skill level 1 in Throwing
  9504 | D:9      | Identified the +2 pair of boots of Iseklior {+Inv SInv
                  | Stlth-}
  9733 | D:9      | Noticed Prince Ribbit
  9770 | D:9      | Killed Prince Ribbit
  9942 | D:9      | Found a glowing golden altar of the Shining One.
  9967 | D:9      | Reached **** piety under Makhleb
 10205 | D:10     | Entered Level 10 of the Dungeon
 10337 | D:10     | Reached skill level 9 in Shields
 10409 | D:10     | Found a radiant altar of Vehumet.
 10610 | D:10     | Found a staircase to the Lair.
 10734 | D:10     | Found a hide-covered altar of Uskayaw.
 11304 | D:11     | Found a staircase to the Orcish Mines.
 11309 | D:11     | Noticed a two-headed ogre
 11327 | D:11     | Killed a two-headed ogre
 11328 | D:11     | Reached XP level 12. HP: 109/109 MP: 14/14
 11517 | D:11     | Reached ***** piety under Makhleb
 11728 | D:12     | Found Mieppoas's General Store.
 11804 | D:12     | Found Hoiziumi's Assorted Antiques.
 11840 | D:12     | Noticed a rakshasa
 11855 | D:12     | Found a transporter.
 11868 | D:12     | Noticed Yklotitu's ghost (journeyman CeHu)
 11871 | D:12     | Found a one-way gate to the infinite horrors of the Abyss.
 11897 | D:12     | Found a transporter.
 11966 | D:12     | Found Ugumiseo's General Store.
 12010 | D:12     | Reached skill level 10 in Polearms
 12017 | D:12     | Reached skill level 5 in Invocations
 12256 | D:12     | Found Fesamp's Assorted Antiques.
 12329 | D:12     | Noticed a brown very ugly thing
 12388 | D:12     | Noticed a five-headed hydra
 12400 | D:12     | Killed a five-headed hydra
 12401 | D:12     | Reached skill level 10 in Shields
 12505 | D:12     | Bought a garnet-encrusted scale mail for 234 gold pieces
 12505 | D:12     | Identified the +10 scale mail of Nel Xeik {Regen+ Str+7
                  | Stlth+} (You bought it in a shop on level 12 of the
                  | Dungeon)
 12505 | D:12     | Bought a scroll of blinking for 195 gold pieces
 12656 | D:13     | Noticed a centaur warrior
 12667 | D:13     | Killed a centaur warrior
 12743 | D:13     | Found a transporter.
 12752 | D:13     | Noticed a centaur warrior
 12757 | D:13     | Noticed a death knight
 12795 | D:13     | Killed a centaur warrior
 12818 | D:13     | Killed a death knight
 12866 | D:13     | Noticed OceanMan's ghost (journeyman MiFi)
 12878 | D:13     | Found a transporter.
 12929 | D:13     | Noticed a death knight
 13028 | D:12     | Killed a death knight
 13267 | Orc:1    | Entered Level 1 of the Orcish Mines
 13372 | Orc:1    | Found Ycouphan's Book Shoppe.
 13386 | Orc:1    | Found Xec Neuc's Distillery.
 13517 | Orc:1    | Noticed an ettin
 13532 | Orc:1    | Killed an ettin
 13572 | Orc:2    | Entered Level 2 of the Orcish Mines
 13639 | Orc:1    | Reached XP level 13. HP: 112/117 MP: 12/12
 13706 | Orc:2    | Found Gex Qaho's Book Emporium.
 13928 | Orc:1    | Reached skill level 11 in Shields
 13936 | Orc:1    | Paralysed by an ogre mage for 2 turns
 14183 | Orc:2    | Found Mog Gowe's Magic Scroll Boutique.
 14396 | Orc:2    | Found Omnipasism's Distillery.
 14442 | Orc:2    | Found Zydeock's Magic Scroll Emporium.
 14460 | Orc:2    | Found a staircase to the Elven Halls.
 14560 | Orc:2    | Found Aptuc's Armour Emporium.
 14779 | Orc:2    | Found Vunuamuh's Weapon Shop.
 14790 | Orc:2    | Found Zeploeben's Assorted Antiques.
 14857 | Orc:2    | Found Kaki's Weapon Shoppe.
 14859 | Orc:2    | Found Pofeop's Jewellery Shop.
 15296 | Orc:1    | Found Xarywner's Armour Shop.
 15307 | Orc:1    | Noticed Maurice
 15332 | Orc:1    | Killed Maurice
 15586 | Lair:1   | Entered Level 1 of the Lair of Beasts
 15862 | Lair:1   | Noticed Sonja
 15886 | Lair:1   | Killed Sonja
 15887 | Lair:1   | Reached skill level 12 in Shields
 15968 | Lair:1   | Noticed Gastronok
 15982 | Lair:1   | Killed Gastronok
 15982 | Lair:1   | Reached ****** piety under Makhleb
 16122 | Lair:1   | Noticed Maggie
 16143 | Lair:1   | Killed Maggie
 16521 | Lair:2   | Gained mutation: You resist negative energy. (rN+) [Deep
                  | Dwarf growth]
 16521 | Lair:2   | Reached XP level 14. HP: 127/127 MP: 13/13
 16603 | Lair:2   | Found a staircase to the Snake Pit.
 16716 | Lair:2   | Found a sacrificial altar of Ru.
 17807 | Lair:3   | Noticed Fannar
 17844 | Lair:3   | Killed Fannar
 17845 | Lair:3   | Reached skill level 13 in Shields
 18270 | Lair:3   | Noticed Snorg
 18289 | Lair:3   | Killed Snorg
 18840 | Lair:3   | Identified the +2 leather armour of Grottiness {*Slow Str+5
                  | SInv}
 19305 | Lair:4   | Reached skill level 10 in Armour
 19838 | Lair:4   | Found a staircase to the Swamp.
 21393 | Lair:5   | Reached skill level 14 in Shields
 21673 | Lair:6   | Entered Level 6 of the Lair of Beasts
 21717 | Lair:6   | Reached skill level 1 in Staves
 21731 | Lair:6   | Reached XP level 15. HP: 104/136 MP: 14/14
 21780 | Lair:6   | Found a staircase to the Slime Pits.
 22326 | Lair:6   | Found a runed translucent door.
 22460 | Lair:6   | Paralysed by a hornet for 3 turns
 22529 | Lair:6   | Reached skill level 10 in Dodging
 22746 | Lair:6   | Identified the +1 ring mail of Emaofaap {rPois}
 22808 | Lair:6   | Reached skill level 10 in Fighting
 24584 | D:14     | Reached skill level 5 in Stealth
 24701 | D:14     | Identified the +2 ring mail of the Boiling Point {Rampage
                  | rN++}
 24883 | D:14     | Found a gate to the Vaults.
 25144 | D:15     | Entered Level 15 of the Dungeon
 25146 | D:15     | Found a shadowy altar of Dithmenos.
 25203 | D:15     | Found a flickering gateway to a bazaar.
 25209 | Bazaar   | Entered a bazaar
 25211 | Bazaar   | Found Pinava Oxysy's Book Boutique.
 25215 | Bazaar   | Found Bonygusec's Magic Scroll Boutique.
 25215 | Bazaar   | Found Ruptaurriw's Weapon Boutique.
 25215 | Bazaar   | Found Zyniewk's Assorted Antiques.
 25232 | Bazaar   | Bought a scroll of enchant weapon for 105 gold pieces
 25232 | Bazaar   | Bought a scroll of enchant weapon for 105 gold pieces
 25266 | Bazaar   | Bought a manual of Staves for 1440 gold pieces
 25447 | D:15     | Reached skill level 5 in Staves
 25447 | D:15     | Reached XP level 16. HP: 114/147 MP: 15/15
 25620 | D:15     | Found a staircase to the Depths.
 25800 | D:15     | Identified the -5 cloak of Tauweffe {Drain rElec Regen+
                  | rCorr}
 26211 | Snake:1  | Entered Level 1 of the Snake Pit
 26511 | Snake:1  | Reached skill level 15 in Shields
 26565 | Snake:1  | Noticed Azrael
 26595 | Snake:1  | Killed Azrael
 27014 | Snake:1  | Found a runed translucent door.
 27016 | Snake:1  | Noticed Couriq's ghost (adept MiFi)
 27105 | Snake:1  | Killed Couriq's ghost
 28376 | Snake:3  | Found Faysy's Weapon Shoppe.
 28397 | Snake:3  | Found Werujoaz's Armour Shoppe.
 28397 | Snake:3  | Found Basagah's General Store.
 28672 | Snake:3  | Found Fisuta's Book Emporium.
 28675 | Snake:3  | Identified the +6 scale mail of Gova {rC- Dex+8}
 28704 | Snake:3  | Bought a scroll of acquirement for 520 gold pieces
 28706 | Snake:3  | Acquired the +1 pair of gloves "Duparimu" {rC+ Int+5 SInv}
 28869 | Snake:3  | Reached skill level 16 in Shields
 28968 | Snake:3  | Found Upsagier's Jewellery Boutique.
 28969 | Snake:3  | Identified Roxanne's Collected Works on the Rocks
 28969 | Snake:3  | Noticed Roxanne
 29044 | Snake:3  | Killed Roxanne
 29257 | Snake:4  | Entered Level 4 of the Snake Pit
 29884 | Snake:4  | Reached XP level 17. HP: 157/157 MP: 15/15
 30342 | Snake:4  | Identified the +4 scale mail of the Realm of Zot {Rampage
                  | rF+}
 31144 | Snake:4  | Noticed Vashnia
 31215 | Snake:4  | Reached skill level 17 in Shields
 31346 | Snake:4  | Killed Vashnia
 31414 | Snake:4  | Got a serpentine rune of Zot
 31972 | D:10     | Acquired the -6 kite shield of Wescho {rPois rF- Dex+4}
 32077 | Swamp:1  | Entered Level 1 of the Swamp
 32225 | Swamp:1  | Noticed Nikola
 32249 | Swamp:1  | Killed Nikola
 32250 | Swamp:1  | Reached skill level 15 in Polearms
 33497 | Swamp:2  | Gained mutation: You passively map a large area around you.
                  | [Deep Dwarf growth]
 33497 | Swamp:2  | Reached XP level 18. HP: 168/168 MP: 16/16
 33843 | Swamp:2  | Found Ecokluoh's Island Escapes.
 33902 | Swamp:2  | Bought a scroll of blinking for 157 gold pieces
 33902 | Swamp:2  | Bought a scroll of blinking for 157 gold pieces
 34849 | Swamp:3  | Reached skill level 18 in Shields
 34960 | Swamp:3  | Identified the +10 arbalest "Nuus" {vorpal, rF+ Dex+3}
 34988 | Swamp:4  | Entered Level 4 of the Swamp
 35669 | Swamp:4  | Reached skill level 1 in Evocations
 36265 | Swamp:4  | Noticed the 27-headed Lernaean hydra
 36310 | Swamp:3  | Killed the 27-headed Lernaean hydra
 36508 | Swamp:4  | Got a decaying rune of Zot
 37408 | Vaults:1 | Entered Level 1 of the Vaults
 37493 | Vaults:1 | Identified the +2 scale mail "Rekkomaxt" {Regen+ Int+2}
 37941 | Vaults:1 | Reached skill level 5 in Evocations
 38402 | D:14     | Reached XP level 19. HP: 176/176 MP: 12/12
 38415 | Vaults:1 | Cast into level 2 of the Abyss (a wizard)
 38420 | Vaults:1 | Escaped the Abyss
 38897 | Vaults:1 | Found Ahoesyl's Jewellery Shop.
 39981 | Vaults:2 | Noticed Frederick
 40069 | Vaults:1 | Killed Frederick
 40070 | Vaults:1 | Reached skill level 19 in Shields
 40999 | Vaults:2 | Identified the +0 scale mail "Raekiv" {MP+9 Int+2 SInv}
 41885 | Vaults:2 | Paralysed by a great orb of eyes for 4 turns
 43057 | Vaults:2 | Reached XP level 20. HP: 187/187 MP: 13/13
 43899 | Vaults:3 | Acquired the +8 lance "Wyrmbane" {slay drac, rPois rF+ rC+
                  | AC+3}
 43899 | Vaults:3 | Found the +8 lance "Wyrmbane" {slay drac, rPois rF+ rC+
                  | AC+3}
 44077 | Vaults:3 | Noticed Saint Roka
 44128 | Vaults:2 | Reached skill level 10 in Evocations
 44407 | Vaults:2 | Killed Saint Roka
 45126 | Vaults:3 | Reached skill level 20 in Shields
 45400 | Vaults:3 | Found a staircase to the Crypt.
 45953 | Vaults:4 | Noticed Bai Suzhen
 46234 | Vaults:3 | Reached XP level 21. HP: 196/196 MP: 14/14
 46410 | Vaults:3 | Killed Bai Suzhen
 47579 | Vaults:5 | Entered Level 5 of the Vaults
 47972 | Elf:1    | Entered Level 1 of the Elven Halls
 47975 | Elf:1    | Found an ancient bone altar of Kikubaaqudgha.
 49096 | Elf:1    | Paralysed by an air elemental for 1 turns
 49299 | Elf:1    | Found a runed translucent gate.
 49299 | Elf:1    | Found a runed translucent gate.
 49299 | Elf:1    | Found a runed translucent gate.
 49299 | Elf:1    | Found a runed translucent gate.
 49299 | Elf:1    | Found a runed translucent gate.
 49300 | Elf:1    | Found a runed translucent gate.
 49542 | Elf:2    | Found a portal to a secret trove of treasure.
 49578 | Elf:2    | Found a flickering gateway to a bazaar.
 49879 | Bazaar   | Entered a bazaar
 49879 | Bazaar   | Found Ejolol's Book Shoppe.
 49893 | Bazaar   | Found Joitz's Antique Weapon Shoppe.
 49899 | Bazaar   | Found Qemmilef's Antique Weapon Boutique.
 49905 | Bazaar   | Found Zoehipy's Book Boutique.
 49929 | Bazaar   | Found Duothring's Weapon Shop.
 50065 | Elf:2    | Found a runed translucent gate.
 50069 | Elf:2    | Found a runed translucent gate.
 50069 | Elf:2    | Found a runed translucent gate.
 50143 | Elf:2    | Paralysed by an air elemental for 1 turns
 50145 | Elf:2    | Paralysed by an air elemental for 1 turns
 50661 | Elf:2    | Noticed Asterion
 50683 | Elf:2    | Killed Asterion
 50700 | Elf:2    | Reached skill level 21 in Shields
 51228 | Elf:3    | Entered Level 3 of the Elven Halls
 51228 | Elf:3    | Found Gehiviu's Assorted Antiques.
 51380 | Elf:3    | Acquired a manual of Stealth
 52101 | Elf:3    | Identified the +8 glaive of Winter {drain, rElec rPois rF-}
 52123 | Elf:3    | Reached XP level 22. HP: 197/204 MP: 14/14
 52157 | Elf:3    | Identified the +9 war axe of Hoipiatz {vorpal, +Rage rElec
                  | rC+}
 52157 | Elf:3    | Identified the ring of Miracles {rC+ rN+ Str+4}
 52370 | Depths:1 | Entered Level 1 of the Depths
 52377 | D:15     | Mangled by a death yak

Illustrated notes

Levels and vault maps discovered:
D:1:      dpeg_arrival_rooms_a, layout_basic, minmay_pentomino_s4
D:2:      minmay_general_purpose_star, layout_rooms,
          shapermc_ecumenical_altar_acropolis, serial_shops, shop,
          hangedman_decor_growths, st_stairs_9
D:3:      layout_basic, amcnicky_altar_gilded, uniq_robin
D:4:      minmay_opposing_rooms, layout_loops_ring, kennysheep_windowed_goal
D:5:      layout_basic, mainiacjoe_overflow_alcove_3, lemuel_doored_altar,
          minmay_temple_entry_grid
D:6:      layout_basic, mainiacjoe_overflow_cross_hatched,
          nicolae_ru_awakened_eye, nicolae_ossuary_entry_plus, serial_shops,
          nicolae_shop_behind_doors
D:7:      cheibrodos_steamvent, layout_loops_ring, grunt_ministairs_7,
          roderic_lattice_a, uniq_harold
D:8:      kennysheep_seaside_town, layout_cave_pools, fedhas_altar_1,
          elyvilon_altar_4, serial_shops, shop, shop, nicolae_lakefront_shop,
          nicolae_shop_waterfront
D:9:      layout_roguey, kennysheep_mini, kennysheep_decorative_pillar,
          minmay_misc_feat_secret_circle, uniq_prince_ribbit1
D:10:     layout_cave_pools, lemuel_tele_altar, nicolae_overflow_hidden_temple,
          lair_entry_dummy, minmay_misc_feat_four_crosses, the_hattery
D:11:     layout_rooms, orc_0_dummy, gauntlet_entry_generic
D:12:     layout_small_grid, serial_shops, nicolae_shop_window_shopping,
          nicolae_shop_trees, shop, gammafunk_ghost_abyssal_escape,
          minmay_tree_intersection, nrook_pool_corridor,
          nicolae_inconvenience_store, minmay_misc_feat_rows
D:13:     layout_loops_cross, gammafunk_ghost_mausoleum
D:14:     layout_cave_pools, erik_vaults_1
D:15:     grunt_enter_depths_giant_problem, layout_loops_ring, serial_shops,
          bzr_entry_safe, nicolae_dithmenos_through_a_glass_darkly
Temple:   pf_slimified_temple
Lair:1:   layout_cave_shapes, uniq_maggie, uniq_sonja, uniq_gastronok
Lair:2:   layout_cave_pods, dummy_snake_entry, basic_altar, beast_lair_carwin_5
Lair:3:   statuecave_lemuel, layout_small_grid, uniq_fannar, uniq_snorg
Lair:4:   layout_roguey, minmay_swamp_entry_swarm, small_statue_intersection,
          cheibrodos_lair_lostbears, serial_bayou_shore_a
Lair:5:   layout_layer_cave, portal_ice_cave_rime, grunt_megastairs_1
Lair:6:   wormcave, layout_hall_layers, hangedman_lair_in_review,
          nicolae_slime_entry_slimehenge
Swamp:1:  nicolae_swamp_decorative_isthmus, layout_basic_swamp,
          evilmike_swamp_ruin_house_2, uniq_nikola
Swamp:2:  layout_basic_swamp, nicolae_swamp_triple_paths, nicolae_island_escapes
Swamp:3:  nicolae_swamp_secret_spriggan_hideout, layout_falls_marsh,
          evilmike_swamp_ruin_wall, hangedman_swamp_blocks, swamp_pool2,
          worms_lemuel
Swamp:4:  swamp_old_school, layout_basic_swamp
Snake:1:  cheibrodos_forgotten_conduit, layout_cave_shapes,
          ebering_ghost_inner_flame, special_room, uniq_azrael
Snake:2:  layout_rooms, serial_corexii_hall, chequers_hall_statues_corner_a,
          corexii_hall_statues_l, grunt_ministairs_7
Snake:3:  layout_rooms, serial_shops, nicolae_shop_trees, minmay_shoptagon,
          uniq_roxanne
Snake:4:  johnstein_snake_rune_scales, layout_layer_cave
Orc:1:    layout_diamond_mine, serial_shops, shop, shop,
          nicolae_shop_statue_plus, mines_bat_river, uniq_maurice
Orc:2:    st_orc_elflike, layout_diamond_mine, basic_altar, serial_shops, shop,
          nicolae_square_shop, shop, shop, shop
Elf:1:    layout_gridlike, basic_altar, orc_legates, st_stairs_5,
          grunt_megastairs_4
Elf:2:    nicolae_elf_blades_crystal_corner, layout_geoelf_octagon,
          nicolae_trove_entry_crossroad, serial_shops, bzr_entry_islet,
          uniq_asterion
Elf:3:    elf_hall_gauntlet_wide, layout_geoelf_grid, serial_shops,
          shop_fountains, hellmonk_bongcloud_opening
Vaults:1: v_misc_5, nicolae_vaults_angled_halls,
          vaults_room_hangedman_quadrants, hangedman_vaults_stagger,
          nicolae_vaults_disjoint_gnomons, vaults_dpeg_ring, v_misc_16,
          v_alt_pattern_1, nicolae_vaults_border_crossing, vaults_room_hallway,
          layout_vaults_omnibox, serial_shops, shop
Vaults:2: v_pattern_5, nicolae_vaults_windows_and_doors_thing,
          vaults_mumra_hexcomb, vaults_dpeg_spiral,
          nicolae_vaults_three_branches, dpeg_vaults_monster_row, st_squares,
          ontoclasm_vaults_loading_screen, hangedman_vaults_snaps,
          nicolae_vaults_ring_of_whatevers, grunt_vaults_hallway_long,
          v_misc_14, layout_vaults_big_cross, uniq_frederick
Vaults:3: vaults_room_pools, v_alt_pattern_6, special_room_vaults
          [special_room_orc], v_rooms_3, vaults_mumra_minichess_inversion,
          v_alt_pattern_1, ontoclasm_vaults_fault, v_rooms_4, v_misc_15,
          vaults_room_corners, minmay_crypt_entry_simple_statues, v_misc_5,
          v_misc_15, layout_vaults_maze_bifur, uniq_saint_roka
Vaults:4: nicolae_vaults_alarming, v_pattern_4, nicolae_vaults_little_squares_5,
          vaults_room_fours, vaults_dpeg_hooks, vaults_room_corners,
          hangedman_vaults_restitches, layout_vaults_omnigrid, uniq_bai_suzhen
Vaults:5: uniq_margery
Depths:1: layout_cave_shapes, enter_ziggurat_c, grunt_mini_vestibule,
          nicolae_qazlal_general_emergency, drop_trap, beargit_elvish_explorers,
          uniq_aizul

Skill      XL: |  1  2  3  4  5  6  7  8  9 10 11 12 13 14 15 16 17 18 19 20 21 |
---------------+----------------------------------------------------------------+-----
Fighting       | 3 4 5 6 7 8 9 10 11 12 13 14 | 14.3
Axes           | 3 4 5 6 8 |  8.9
Shields        | 4 5 7 9 10 12 14 16 17 18 19 20 21 | 21.2
Armour         | 4 5 7 8 9 10 11 12 13 | 13.5
Dodging        | 1 5 6 7 8 9 10 11 12 13 14 | 14.9
Stealth        | 1 2 3 5 6 7 |  7.3
Polearms       | 1 4 7 9 11 12 13 14 15 16 17 18 | 18.1
Crossbows      | 1 2 |  2.7
Spellcasting   | 3 |  3.2
Invocations    | 4 5 6 |  6.2
Throwing       | 1 2 3 |  3.1
Staves         | 1 5 6 |  6.4
Evocations     | 5 8 11 13 | 13.2
Slings         | |  0.3

Action                   |  1- 3 |  4- 6 |  7- 9 | 10-12 | 13-15 | 16-18 | 19-21 | 22-24 || total
-------------------------+-------+-------+-------+-------+-------+-------+-------+-------++-------
Melee: War axe           |   144 |   256 |   129 |    43 |     7 |    20 |       |       ||   599
       Spear             |       |       |   139 |  1323 |  2485 |  3813 |  3588 |    36 || 11384
       Lajatang          |       |       |       |       |   188 |    47 |       |       ||   235
       Lance             |       |       |       |       |       |       |   367 |       ||   367
       Quick blade       |       |       |       |       |       |       |     1 |       ||     1
 Fire: Hunting sling     |       |     6 |       |       |       |       |       |       ||     6
       Hand crossbow     |       |     8 |     7 |     5 |    10 |     2 |     1 |       ||    33
Throw: Stone             |    11 |    24 |       |       |       |       |       |       ||    35
       Dart              |       |       |    10 |    40 |    33 |     4 |     3 |       ||    90
Invok: Lesser Servant of |       |       |       |     2 |     5 |     5 |     1 |       ||    13
       Minor Destruction |       |       |       |       |       |     2 |       |       ||     2
       Major Destruction |       |       |       |       |       |     2 |     3 |       ||     5
 Abil: Heal Wounds       |     1 |     3 |     5 |     9 |       |    20 |     6 |     3 ||    47
Evoke: Wand              |       |       |       |       |       |     6 |     5 |       ||    11
       Tin of tremorston |       |       |       |       |       |     3 |     2 |       ||     5
       Box of beasts     |       |       |       |       |       |     1 |       |       ||     1
       Condenser vane    |       |       |       |       |       |       |     2 |       ||     2
  Use: Scroll            |       |     3 |     6 |    11 |     5 |    10 |     5 |       ||    40
       Potion            |       |     1 |     4 |     4 |     3 |       |     1 |       ||    13
 Stab: Sleeping          |       |       |       |     1 |     6 |    10 |    17 |       ||    34
       Petrified         |       |       |       |       |     8 |       |       |       ||     8
       Distracted        |       |       |       |       |     2 |     3 |     2 |       ||     7
Armor: Scale mail        |    95 |   128 |   129 |   180 |   843 |  1546 |   970 |     9 ||  3900
       Ring mail         |       |       |       |   176 |       |       |       |       ||   176
Dodge: Dodged            |    53 |    73 |   133 |   525 |  1260 |  2462 |  1962 |    13 ||  6481
Block: Kite shield       |   104 |   158 |   189 |   767 |  1325 |  2454 |  1799 |     9 ||  6805
       Reflection        |       |       |       |       |       |       |    38 |     2 ||    40
